Sarnia Sailors vs Philadelphia Phantoms
Created - Wednesday, September 25, 2024 at 06:50
Goals
|
| Sarnia Sailors |
1 |
1 |
5 |
7 |
| Philadelphia Phantoms |
1 |
0 |
4 |
5 |
|
Shots
|
| Sarnia Sailors |
9 |
7 |
19 |
35 |
| Philadelphia Phantoms |
11 |
10 |
18 |
39 |
|
1st period
1. Philadelphia Phantoms , Ryan Johnson 2 (Juuso Parssinen 14, Egor Afanasyev 16) at 15:19 (PP)
2. Sarnia Sailors , Vasili Podkolzin 16 (Arthur Kaliyev 30, Brad Lambert 35) at 15:31
Penalties :
Brett Murray (PHP) for Fighting (Major) at 0:25, Jesse Puljujarvi (SAR) for Fighting (Major) at 0:25, Casey Fitzgerald (PHP) for Roughing (Minor) at 10:00, Brad Lambert (SAR) for Slashing (Minor) at 15:03
2nd period
3. Sarnia Sailors , Adam Erne 5 (Jamie Drysdale 22, Jesse Puljujarvi 16) at 16:02
Penalties :
Tristen Nielsen (SAR) for Cross-checking (Minor) at 3:30, Cole Reinhardt (SAR) for High sticking (Minor) at 8:28, James Malatesta (PHP) for Fighting (Major) at 15:27, Vasili Podkolzin (SAR) for Fighting (Major) at 15:27, Tyler Kleven (PHP) for Fighting (Major) at 16:09, Logan Morrison (SAR) for Fighting (Major) at 16:09
3rd period
4. Philadelphia Phantoms , Juuso Parssinen 10 (Egor Afanasyev 17, Brett Murray 9) at 3:01
5. Philadelphia Phantoms , Egor Afanasyev 9 (Juuso Parssinen 15, William Borgen 6) at 4:53
6. Sarnia Sailors , Declan Chisholm 4 (Jesse Puljujarvi 17, Adam Erne 11) at 5:49
7. Sarnia Sailors , Brad Lambert 19 (Jamie Drysdale 23, Arthur Kaliyev 31) at 6:03
8. Philadelphia Phantoms , Nick Blankenburg 2 (Jack McBain 8, Juuso Parssinen 16) at 11:11 (PP)
9. Sarnia Sailors , Samuel Walker 6 (Jamie Drysdale 24, Logan Morrison 12) at 12:07
10. Sarnia Sailors , Brad Lambert 20 (Arthur Kaliyev 32) at 12:14 (PP)
11. Philadelphia Phantoms , Ryan Winterton 5 (Juuso Parssinen 17, Casey Fitzgerald 7) at 16:14
12. Sarnia Sailors , Cole Reinhardt 4 (Jack Rathbone 6, Jamie Drysdale 25) at 19:22 (Empty Net)
Penalties :
James Malatesta (PHP) for Slashing (Minor) at 0:46, Adam Ginning (SAR) for Tripping (Minor) at 10:10, Egor Afanasyev (PHP) for Fighting (Major) at 12:10, Vasili Podkolzin (SAR) for Fighting (Major) at 12:10, Egor Afanasyev (PHP) for instigated a fight (Minor) at 12:10, Egor Afanasyev (PHP) for instigated a fight (10 Minutes Misconduct) at 12:10, Adam Klapka (PHP) for Slashing (Minor) at 14:02
Goalie Stats
Remi Poirier (SAR), 34 saves from 39 shots - (0.872), W, 18-3-0, 60:00 minutes
Spencer Martin (PHP), 28 saves from 34 shots - (0.824), L, 12-6-0, 59:33 minutes
Players Stats for Sarnia Sailors
Player Name G A P +/- PIM S H SB GA TA FO MP PP MP PK MP
------------------------------------------------------------------------------------
Adam Erne 1 1 2 0 0 2 2 1 0 0 0/1 15:29 0:23 2:53
Adam Ginning 0 0 0 -1 2 0 2 0 0 0 0/0 10:25 0:00 0:00
Antti Saarela 0 0 0 -1 0 0 0 0 0 0 1/4 8:22 0:00 0:10
Arthur Kaliyev 0 3 3 2 0 4 1 1 1 1 1/3 19:50 3:04 0:56
Brad Lambert 2 1 3 2 2 3 2 0 0 0 14/25 20:03 3:04 1:09
Cole Reinhardt 1 0 1 2 2 2 2 0 0 0 0/0 16:59 2:42 0:00
Declan Chisholm 1 0 1 2 0 3 0 2 0 1 0/0 26:09 3:16 2:21
Jack Rathbone 0 1 1 2 0 1 2 3 0 0 0/0 23:14 2:45 2:43
Jamie Drysdale 0 4 4 4 0 2 4 1 1 1 0/0 28:58 3:16 2:21
Jesse Puljujarvi 0 2 2 1 5 1 3 0 2 0 0/0 13:32 2:34 0:00
Jett Woo 0 0 0 0 0 1 0 3 0 0 0/0 20:25 2:45 2:43
Landon Slaggert 0 0 0 -1 0 2 2 2 1 0 0/0 9:49 0:00 1:37
Logan Morrison 0 1 1 2 5 3 1 1 0 0 6/14 16:56 1:17 2:49
Lucas Edmonds 0 0 0 -1 0 1 1 0 0 1 1/1 11:22 0:49 0:00
Samuel Walker 1 0 1 1 0 6 1 1 2 0 0/0 11:46 0:00 0:00
Tristen Nielsen 0 0 0 0 2 1 2 0 0 0 5/14 16:01 2:15 1:07
Tyson Hinds 0 0 0 -1 0 0 0 0 0 0 0/0 10:37 0:00 0:11
Vasili Podkolzin 1 0 1 2 10 3 0 0 0 0 0/1 14:40 1:55 0:00
Players Stats for Philadelphia Phantoms
Player Name G A P +/- PIM S H SB GA TA FO MP PP MP PK MP
------------------------------------------------------------------------------------
Adam Klapka 0 0 0 0 2 0 0 0 0 0 5/9 11:54 0:00 0:00
Alex Steeves 0 0 0 2 0 2 1 0 0 0 0/0 15:00 2:46 0:00
Brandon Duhaime 0 0 0 0 0 2 2 0 0 0 0/1 15:04 0:00 2:48
Brett Murray 0 1 1 -2 5 3 1 0 0 0 0/0 17:58 2:29 3:10
Casey Fitzgerald 0 1 1 1 2 0 1 1 0 1 0/0 14:32 0:00 0:00
Egor Afanasyev 1 2 3 1 17 3 1 0 2 1 8/13 13:23 2:46 0:00
Jack McBain 0 1 1 -2 0 1 1 2 1 0 12/21 18:15 2:29 2:48
James Malatesta 0 0 0 -3 7 2 2 1 1 0 0/1 13:24 2:10 0:00
Jaret Anderson-Dolan 0 0 0 0 0 1 1 0 0 1 0/0 11:54 0:00 0:00
Juuso Parssinen 1 4 5 1 0 5 0 0 0 0 0/1 15:07 2:34 0:00
Marcus Bjork 0 0 0 -3 0 0 1 0 0 1 0/0 21:53 0:00 2:53
Nick Blankenburg 1 0 1 -1 0 4 0 2 0 0 0/0 23:18 3:05 3:08
Pontus Holmberg 0 0 0 -3 0 3 1 0 0 0 0/1 15:10 0:00 2:50
Ryan Johnson 1 0 1 -3 0 4 1 1 0 1 0/0 22:14 2:10 2:53
Ryan Winterton 1 0 1 -2 0 2 4 0 0 1 10/16 14:52 0:12 0:26
Tye Kartye 0 0 0 -1 0 2 0 1 0 0 0/0 14:14 2:29 0:00
Tyler Kleven 0 0 0 1 5 2 0 1 0 0 0/0 12:18 0:00 0:07
William Borgen 0 1 1 -1 0 3 2 4 0 1 0/0 23:29 3:05 3:08
3 Stars
1 - Jamie Drysdale (SAR)
2 - Brad Lambert (SAR)
3 - Juuso Parssinen (PHP)
Power Play
Sarnia Sailors - 1 on 4 Attempt(s) - 25.00%
Philadelphia Phantoms - 2 on 4 Attempt(s) - 50.00%
Penalty Kill
Sarnia Sailors - 2 on 4 Attempt(s) - 50.00%
- Score 0 goal in Penalty Kill
Philadelphia Phantoms - 3 on 4 Attempt(s) - 75.00%
- Score 0 goal in Penalty Kill
Team Stat
Sarnia Sailors - Hits : 25 - Faceoff Wins : 28 - Blocked Shots : 15 - Penalty Minutes : 28
Philadelphia Phantoms - Hits : 19 - Faceoff Wins : 35 - Blocked Shots : 13 - Penalty Minutes : 38
Official
Referees : Chris Lee and Peter Macdougall
Linesman : Steve Barton and CJ Murray
Game Notes
Brett Murray and Jesse Puljujarvi fight to a draw at 0:25 of 1st period
15:19 of 1st period - Philadelphia Phantoms goal is going for a video replay. After video review, Goal.
Vasili Podkolzin beats up James Malatesta at 15:27 of 2nd period
Tyler Kleven beats up Logan Morrison at 16:09 of 2nd period
Egor Afanasyev beats up Vasili Podkolzin at 12:10 of 3rd period
Cole Reinhardt has scored in a empty net!
Sarnia Sailors
5 vs 5 Forward
Center Left Wing Right Wing Time % Phy DF OF
1 Brad Lambert Vasili Podkolzin Arthur Kaliyev 40 2 1 2
2 Tristen Nielsen Adam Erne Jesse Puljujarvi 30 2 1 2
3 Logan Morrison Samuel Walker Cole Reinhardt 20 1 2 2
4 Antti Saarela Landon Slaggert Lucas Edmonds 10 2 1 2
5 vs 5 Defense
Defense Defense Time % Phy DF OF
1 Jamie Drysdale Declan Chisholm 40 1 2 2
2 Jett Woo Jack Rathbone 30 2 1 2
3 Tyson Hinds Adam Ginning 20 2 2 1
4 Jamie Drysdale Jack Rathbone 10 1 2 2
PowerPlay Forward
Center Left Wing Right Wing Time % Phy DF OF
1 Brad Lambert Vasili Podkolzin Arthur Kaliyev 60 0 1 4
2 Tristen Nielsen Cole Reinhardt Jesse Puljujarvi 40 0 1 4
PowerPlay Defense
Defense Defense Time % Phy DF OF
1 Jamie Drysdale Declan Chisholm 60 1 1 3
2 Jett Woo Jack Rathbone 40 2 1 2
Penalty Kill 4 Players Forward
Center Wing Time % Phy DF OF
1 Logan Morrison Adam Erne 60 2 2 1
2 Tristen Nielsen Landon Slaggert 40 2 2 1
Penalty Kill 4 Players Defense
Defense Defense Time % Phy DF OF
1 Jamie Drysdale Declan Chisholm 60 2 1 2
2 Jett Woo Jack Rathbone 40 2 2 1
Penalty Kill - 3 Players Forward
Forward Time % Phy DF OF
1 Logan Morrison 60 2 1 2
2 Tristen Nielsen 40 2 2 1
Penalty Kill - 3 Players Defense
Defense Defense Time % Phy DF OF
1 Jamie Drysdale Declan Chisholm 60 2 1 2
2 Jett Woo Jack Rathbone 40 2 1 2
4 vs 4 Forward
Center Wing Time % Phy DF OF
1 Brad Lambert Arthur Kaliyev 60 2 1 2
2 Tristen Nielsen Vasili Podkolzin 40 2 1 2
4 vs 4 Defense
Defense Defense Time % Phy DF OF
1 Jamie Drysdale Declan Chisholm 60 1 2 2
2 Jett Woo Jack Rathbone 40 2 1 2
Last Minutes Offensive
Center Left Wing Right Wing Defense Defense
Brad Lambert Vasili Podkolzin Arthur Kaliyev Jamie Drysdale Jack Rathbone
Last Minutes Defensive
Center Left Wing Right Wing Defense Defense
Brad Lambert Vasili Podkolzin Arthur Kaliyev Jamie Drysdale Jack Rathbone
Goaltenders
Starting : Remi Poirier
Backup : Sebastian Cossa
Extra Forwards
Normal : Logan Morrison, Cole Reinhardt, Lucas Edmonds - PP : Logan Morrison, Cole Reinhardt - PK : Logan Morrison
Extra Defensemen
Normal : Tyson Hinds, Adam Ginning, Jamie Drysdale - PP : Tyson Hinds - PK : Tyson Hinds, Adam Ginning
Penalty Shots
Arthur Kaliyev, Jesse Puljujarvi, Adam Erne, Vasili Podkolzin, Samuel Walker
Scratches
Daniel Torgersson (Healthy), Tyler Boucher (Healthy), Zach Uens (Healthy), Rory Kerins (Healthy), Dylan Ferguson (Healthy)
Philadelphia Phantoms
5 vs 5 Forward
Center Left Wing Right Wing Time % Phy DF OF
1 Egor Afanasyev Juuso Parssinen Alex Steeves 25 1 1 3
2 Jack McBain Tye Kartye Brett Murray 25 1 1 3
3 Ryan Winterton James Malatesta Pontus Holmberg 25 1 1 3
4 Adam Klapka Brandon Duhaime Jaret Anderson-Dolan 25 1 1 3
5 vs 5 Defense
Defense Defense Time % Phy DF OF
1 William Borgen Nick Blankenburg 35 1 2 2
2 Ryan Johnson Marcus Bjork 35 1 2 2
3 Tyler Kleven Casey Fitzgerald 30 1 2 2
4 William Borgen Nick Blankenburg 0 1 2 2
PowerPlay Forward
Center Left Wing Right Wing Time % Phy DF OF
1 Egor Afanasyev Juuso Parssinen Alex Steeves 50 0 1 4
2 Jack McBain Tye Kartye Brett Murray 50 0 1 4
PowerPlay Defense
Defense Defense Time % Phy DF OF
1 William Borgen Nick Blankenburg 50 1 1 3
2 Ryan Johnson James Malatesta 50 1 1 3
Penalty Kill 4 Players Forward
Center Wing Time % Phy DF OF
1 Jack McBain Brandon Duhaime 50 1 3 1
2 Pontus Holmberg Brett Murray 50 1 3 1
Penalty Kill 4 Players Defense
Defense Defense Time % Phy DF OF
1 William Borgen Nick Blankenburg 50 1 3 1
2 Ryan Johnson Marcus Bjork 50 1 3 1
Penalty Kill - 3 Players Forward
Forward Time % Phy DF OF
1 Jack McBain 50 1 4 0
2 Brandon Duhaime 50 1 4 0
Penalty Kill - 3 Players Defense
Defense Defense Time % Phy DF OF
1 William Borgen Nick Blankenburg 50 1 4 0
2 Ryan Johnson Marcus Bjork 50 1 4 0
4 vs 4 Forward
Center Wing Time % Phy DF OF
1 Egor Afanasyev Juuso Parssinen 50 1 1 3
2 Jack McBain Tye Kartye 50 1 1 3
4 vs 4 Defense
Defense Defense Time % Phy DF OF
1 William Borgen Nick Blankenburg 50 1 2 2
2 Ryan Johnson Marcus Bjork 50 1 2 2
Last Minutes Offensive
Center Left Wing Right Wing Defense Defense
Jack McBain Juuso Parssinen James Malatesta William Borgen Nick Blankenburg
Last Minutes Defensive
Center Left Wing Right Wing Defense Defense
Jack McBain Brandon Duhaime Pontus Holmberg William Borgen Nick Blankenburg
Goaltenders
Starting : Spencer Martin
Backup : Dennis Hildeby
Extra Forwards
Normal : Ryan Winterton, Brett Murray, Pontus Holmberg - PP : Ryan Winterton, Brett Murray - PK : Jack McBain
Extra Defensemen
Normal : Tyler Kleven, Casey Fitzgerald, Marcus Bjork - PP : Tyler Kleven - PK : Casey Fitzgerald, Marcus Bjork
Penalty Shots
Juuso Parssinen, Brandon Duhaime, Egor Afanasyev, Tye Kartye, Adam Klapka
Scratches
Nils Aman (Healthy), Albert Johansson (Healthy), Filip Cederqvist (Healthy), Tyrel Bauer (Healthy), Matthew Seminoff (Healthy)
Ryan Hofer (Healthy), Josh Lopina (Healthy), Lukas Rousek (Healthy), Devin Cooley (Healthy)
% Time on Ice - Sarnia Sailors
Lines # - Real PCT - Wanted PCT - Time Play
Normal Forward
1 - 33% - 40% - 15:56
2 - 26% - 30% - 12:19
3 - 24% - 20% - 11:46
4 - 17% - 10% - 8:05
Normal Defense
1 - 43% - 40% - 20:32
2 - 31% - 30% - 14:46
3 - 22% - 20% - 10:26
4 - 5% - 10% - 2:22
PP Forward
1 - 63% - 60% - 3:46
2 - 37% - 40% - 2:15
PP Defense
1 - 54% - 60% - 3:16
2 - 46% - 40% - 2:45
PK Forward
1 - 69% - 60% - 3:38
2 - 31% - 40% - 1:37
PK Defense
1 - 45% - 60% - 2:21
2 - 55% - 40% - 2:54
PK3 Forward
1 - 0% - 60%
2 - 0% - 40%
PK3 Defense
1 - 0% - 60%
2 - 0% - 40%
44 Forward
1 - 0% - 60%
2 - 0% - 40%
44 Defense
1 - 0% - 60%
2 - 0% - 40%
Last Minute Offensive - 0:00
Last Minute Defensive - 0:38
Total
Forward - 60:00
Defense - 60:00
|
% Time on Ice - Philadelphia Phantoms
Lines # - Real PCT - Wanted PCT - Time Play
Normal Forward
1 - 25% - 25% - 12:14
2 - 25% - 25% - 11:48
3 - 25% - 25% - 12:10
4 - 25% - 25% - 11:54
Normal Defense
1 - 35% - 35% - 16:49
2 - 35% - 35% - 16:42
3 - 30% - 30% - 14:35
4 - 0% - 0% - 0:00
PP Forward
1 - 53% - 50% - 2:46
2 - 47% - 50% - 2:29
PP Defense
1 - 59% - 50% - 3:05
2 - 41% - 50% - 2:10
PK Forward
1 - 47% - 50% - 2:51
2 - 53% - 50% - 3:10
PK Defense
1 - 52% - 50% - 3:08
2 - 48% - 50% - 2:53
PK3 Forward
1 - 0% - 50%
2 - 0% - 50%
PK3 Defense
1 - 0% - 50%
2 - 0% - 50%
44 Forward
1 - 0% - 50%
2 - 0% - 50%
44 Defense
1 - 0% - 50%
2 - 0% - 50%
Last Minute Offensive - 0:38
Last Minute Defensive - 0:00
Total
Forward - 60:00
Defense - 60:00
|
Play-by-Play
1st period
0:01 of 1st period - Egor Afanasyev wins face-off versus Brad Lambert in neutral zone.
0:08 of 1st period - Slapshot by Brad Lambert.
0:08 of 1st period - Deflect By Arthur Kaliyev.
0:08 of 1st period - Shot Blocked by Nick Blankenburg.
0:08 of 1st period - Puck is out of play.
0:09 of 1st period - Brad Lambert wins face-off versus Egor Afanasyev in Philadelphia Phantoms zone.
0:16 of 1st period - Snap shot by Arthur Kaliyev.
0:16 of 1st period - Stopped by Spencer Martin without a rebound.
0:17 of 1st period - Tristen Nielsen wins face-off versus Jack McBain in Philadelphia Phantoms zone.
0:18 of 1st period - Wrist shot by Jesse Puljujarvi.
0:18 of 1st period - Shot Blocked by Jack McBain.
0:25 of 1st period - Brett Murray and Jesse Puljujarvi fight to a draw.
0:25 of 1st period - Penalty to Brett Murray for Fighting.
0:25 of 1st period - Penalty to Jesse Puljujarvi for Fighting.
0:26 of 1st period - Ryan Winterton wins face-off versus Logan Morrison in Philadelphia Phantoms zone.
0:53 of 1st period - Icing by Adam Erne.
0:54 of 1st period - Adam Klapka wins face-off versus Tristen Nielsen in Sarnia Sailors zone.
1:19 of 1st period - Jett Woo is hit by Ryan Johnson and loses puck.
1:40 of 1st period - Slapshot by Tristen Nielsen.
1:40 of 1st period - Shot Blocked by William Borgen.
1:42 of 1st period - Wrist shot by Lucas Edmonds.
1:42 of 1st period - Shot Misses the Net.
1:44 of 1st period - Slapshot by Jett Woo.
1:44 of 1st period - Stopped by Spencer Martin with a rebound.
1:46 of 1st period - Snap shot by Jett Woo.
1:46 of 1st period - Shot Blocked by William Borgen.
1:48 of 1st period - Slapshot by Jack Rathbone.
1:48 of 1st period - Stopped by Spencer Martin with a rebound.
2:02 of 1st period - Snap shot by Adam Erne.
2:02 of 1st period - Stopped by Spencer Martin without a rebound.
2:03 of 1st period - Jack McBain wins face-off versus Arthur Kaliyev in Philadelphia Phantoms zone.
2:29 of 1st period - Alex Steeves is hit by Cole Reinhardt and loses puck.
2:34 of 1st period - Snap shot by Logan Morrison.
2:34 of 1st period - Shot Misses the Net.
3:13 of 1st period - Icing by Adam Ginning.
3:14 of 1st period - Jack McBain wins face-off versus Logan Morrison in Sarnia Sailors zone.
3:15 of 1st period - Snap shot by Tye Kartye.
3:15 of 1st period - Stopped by Remi Poirier with a rebound.
3:29 of 1st period - Wrist shot by Alex Steeves.
3:29 of 1st period - Shot Misses the Net.
4:06 of 1st period - Wrist shot by Samuel Walker.
4:06 of 1st period - Deflect By Logan Morrison.
4:06 of 1st period - Stopped by Spencer Martin with a rebound.
4:22 of 1st period - Wrist shot by Samuel Walker.
4:22 of 1st period - Shot Misses the Net.
4:38 of 1st period - Wrist shot by Logan Morrison.
4:38 of 1st period - Stopped by Spencer Martin with a rebound.
4:40 of 1st period - Snap shot by Samuel Walker.
4:40 of 1st period - Stopped by Spencer Martin with a rebound.
4:42 of 1st period - Snap shot by Samuel Walker.
4:42 of 1st period - Deflect By Logan Morrison.
4:42 of 1st period - Shot Blocked by Nick Blankenburg.
4:42 of 1st period - Puck is out of play.
4:43 of 1st period - Jack McBain wins face-off versus Brad Lambert in Philadelphia Phantoms zone.
4:57 of 1st period - Off-side.
4:58 of 1st period - Egor Afanasyev wins face-off versus Brad Lambert in neutral zone.
6:14 of 1st period - Wrist shot by Egor Afanasyev.
6:14 of 1st period - Shot Blocked by Jett Woo.
6:16 of 1st period - Slapshot by Tyler Kleven.
6:16 of 1st period - Stopped by Remi Poirier without a rebound.
6:17 of 1st period - Adam Klapka wins face-off versus Antti Saarela in Sarnia Sailors zone.
6:44 of 1st period - Jack McBain is hit by Brad Lambert and loses puck.
6:51 of 1st period - Snap shot by Arthur Kaliyev.
6:51 of 1st period - Shot Misses the Net.
7:04 of 1st period - Off-side.
7:05 of 1st period - Ryan Winterton wins face-off versus Tristen Nielsen in neutral zone.
8:21 of 1st period - Snap shot by Brandon Duhaime.
8:21 of 1st period - Stopped by Remi Poirier with a rebound.
8:23 of 1st period - Snap shot by William Borgen.
8:23 of 1st period - Shot Blocked by Landon Slaggert.
8:41 of 1st period - Wrist shot by Tristen Nielsen.
8:41 of 1st period - Shot Misses the Net.
8:59 of 1st period - Slapshot by Juuso Parssinen.
8:59 of 1st period - Deflect By Egor Afanasyev.
8:59 of 1st period - Stopped by Remi Poirier with a rebound.
9:39 of 1st period - Snap shot by Brandon Duhaime.
9:39 of 1st period - Shot Misses the Net.
10:00 of 1st period - Minor Penalty to Casey Fitzgerald for Roughing.
10:01 of 1st period - Brad Lambert wins face-off versus Jack McBain in Philadelphia Phantoms zone.
11:12 of 1st period - William Borgen is hit by Jesse Puljujarvi and loses puck.
11:45 of 1st period - Brett Murray is hit by Adam Erne and loses puck.
12:00 of 1st period - Penalty to Casey Fitzgerald is over, Casey Fitzgerald is back on ice.
13:08 of 1st period - Lucas Edmonds is hit by Ryan Winterton and loses puck.
13:24 of 1st period - Egor Afanasyev is hit by Adam Erne and loses puck.
14:09 of 1st period - Brandon Duhaime is hit by Lucas Edmonds and loses puck.
14:22 of 1st period - Wrist shot by Juuso Parssinen.
14:22 of 1st period - Deflect By Arthur Kaliyev.
14:22 of 1st period - Stopped by Remi Poirier with a rebound.
14:32 of 1st period - Tye Kartye is hit by Cole Reinhardt.
15:03 of 1st period - Minor Penalty to Brad Lambert for Slashing.
15:04 of 1st period - Egor Afanasyev wins face-off versus Adam Erne in Sarnia Sailors zone.
15:07 of 1st period - Snap shot by Egor Afanasyev.
15:07 of 1st period - Stopped by Remi Poirier with a rebound.
15:09 of 1st period - Slapshot by Ryan Johnson.
15:09 of 1st period - Shot Blocked by Adam Erne.
15:11 of 1st period - Slapshot by Ryan Johnson.
15:11 of 1st period - Shot Blocked by Logan Morrison.
15:13 of 1st period - Snap shot by Juuso Parssinen.
15:13 of 1st period - Stopped by Remi Poirier with a rebound.
15:15 of 1st period - Slapshot by Ryan Johnson.
15:15 of 1st period - Stopped by Remi Poirier with a rebound.
15:17 of 1st period - Slapshot by Ryan Johnson.
15:17 of 1st period - Deflect By Declan Chisholm.
15:17 of 1st period - Stopped by Remi Poirier with a rebound.
15:19 of 1st period - Snap shot by Ryan Johnson.
15:19 of 1st period - Philadelphia Phantoms goal is going for a video replay.
15:19 of 1st period - The goal is good.
15:19 of 1st period - Goal by Ryan Johnson - Sarnia Sailors : 0 - Philadelphia Phantoms : 1.
15:20 of 1st period - Brad Lambert wins face-off versus Jack McBain in neutral zone.
15:31 of 1st period - Slapshot by Vasili Podkolzin.
15:31 of 1st period - Goal by Vasili Podkolzin - Sarnia Sailors : 1 - Philadelphia Phantoms : 1.
15:32 of 1st period - Jack McBain wins face-off versus Brad Lambert in neutral zone.
15:57 of 1st period - Jaret Anderson-Dolan is hit by Jamie Drysdale and loses puck.
16:24 of 1st period - Slapshot by James Malatesta.
16:24 of 1st period - Shot Misses the Net.
17:04 of 1st period - Slapshot by Jesse Puljujarvi.
17:04 of 1st period - Stopped by Spencer Martin with a rebound.
17:06 of 1st period - Slapshot by Adam Ginning.
17:06 of 1st period - Shot Misses the Net.
17:18 of 1st period - Brandon Duhaime is hit by Landon Slaggert and loses puck.
17:27 of 1st period - Slapshot by Jamie Drysdale.
17:27 of 1st period - Shot Blocked by Tyler Kleven.
17:39 of 1st period - Declan Chisholm is hit by James Malatesta and loses puck.
18:18 of 1st period - Wrist shot by Tristen Nielsen.
18:18 of 1st period - Shot Misses the Net.
18:20 of 1st period - Slapshot by Declan Chisholm.
18:20 of 1st period - Shot Misses the Net.
18:22 of 1st period - Snap shot by Tristen Nielsen.
18:22 of 1st period - Shot Misses the Net.
19:01 of 1st period - Wrist shot by Alex Steeves.
19:01 of 1st period - Stopped by Remi Poirier with a rebound.
19:03 of 1st period - Snap shot by Pontus Holmberg.
19:03 of 1st period - Shot Misses the Net.
19:05 of 1st period - Slapshot by Marcus Bjork.
19:05 of 1st period - Shot Blocked by Jett Woo.
19:19 of 1st period - Jack Rathbone is hit by Jaret Anderson-Dolan and loses puck.
19:28 of 1st period - Jack Rathbone is hit by Marcus Bjork.
Goals for this period are 1 for Sarnia Sailors vs 1 for Philadelphia Phantoms.
Shots for this period are 9 for Sarnia Sailors vs 11 for Philadelphia Phantoms.
2nd period
0:01 of 2nd period - Brad Lambert wins face-off versus Adam Klapka in neutral zone.
0:04 of 2nd period - Wrist shot by Vasili Podkolzin.
0:04 of 2nd period - Stopped by Spencer Martin with a rebound.
0:15 of 2nd period - Off-side.
0:16 of 2nd period - Ryan Winterton wins face-off versus Tristen Nielsen in neutral zone.
0:21 of 2nd period - Backhand shot by James Malatesta.
0:21 of 2nd period - Stopped by Remi Poirier without a rebound.
0:22 of 2nd period - Ryan Winterton wins face-off versus Tristen Nielsen in Sarnia Sailors zone.
0:37 of 2nd period - Wrist shot by James Malatesta.
0:37 of 2nd period - Stopped by Remi Poirier with a rebound.
0:49 of 2nd period - Slapshot by Arthur Kaliyev.
0:49 of 2nd period - Shot Misses the Net.
0:55 of 2nd period - Wrist shot by Brad Lambert.
0:55 of 2nd period - Stopped by Spencer Martin without a rebound.
0:56 of 2nd period - Brad Lambert wins face-off versus Egor Afanasyev in Philadelphia Phantoms zone.
1:03 of 2nd period - Snap shot by Brad Lambert.
1:03 of 2nd period - Deflect By Arthur Kaliyev.
1:03 of 2nd period - Stopped by Spencer Martin with a rebound.
1:05 of 2nd period - Snap shot by Vasili Podkolzin.
1:05 of 2nd period - Shot Misses the Net.
1:11 of 2nd period - Slapshot by Vasili Podkolzin.
1:11 of 2nd period - Shot Misses the Net.
1:48 of 2nd period - Casey Fitzgerald is hit by Samuel Walker and loses puck.
2:32 of 2nd period - Snap shot by Landon Slaggert.
2:32 of 2nd period - Shot Blocked by Ryan Johnson.
2:50 of 2nd period - Snap shot by Brandon Duhaime.
2:50 of 2nd period - Stopped by Remi Poirier with a rebound.
2:52 of 2nd period - Snap shot by Ryan Johnson.
2:52 of 2nd period - Shot Misses the Net.
2:54 of 2nd period - Slapshot by Ryan Johnson.
2:54 of 2nd period - Deflect By Vasili Podkolzin.
2:54 of 2nd period - Stopped by Remi Poirier without a rebound.
2:55 of 2nd period - Ryan Winterton wins face-off versus Brad Lambert in Sarnia Sailors zone.
3:08 of 2nd period - Slapshot by Ryan Winterton.
3:08 of 2nd period - Stopped by Remi Poirier without a rebound.
3:09 of 2nd period - Jack McBain wins face-off versus Tristen Nielsen in Sarnia Sailors zone.
3:12 of 2nd period - Wrist shot by Jack McBain.
3:12 of 2nd period - Shot Misses the Net.
3:14 of 2nd period - Snap shot by Nick Blankenburg.
3:14 of 2nd period - Stopped by Remi Poirier without a rebound.
3:15 of 2nd period - Tristen Nielsen wins face-off versus Jack McBain in Sarnia Sailors zone.
3:22 of 2nd period - Tye Kartye is hit by Tristen Nielsen.
3:30 of 2nd period - Minor Penalty to Tristen Nielsen for Cross-checking.
3:31 of 2nd period - Jack McBain wins face-off versus Logan Morrison in Sarnia Sailors zone.
3:35 of 2nd period - Snap shot by Brett Murray.
3:35 of 2nd period - Stopped by Remi Poirier without a rebound.
3:36 of 2nd period - Logan Morrison wins face-off versus Jack McBain in Sarnia Sailors zone.
3:45 of 2nd period - Wrist shot by Tye Kartye.
3:45 of 2nd period - Shot Misses the Net.
3:47 of 2nd period - Snap shot by Nick Blankenburg.
3:47 of 2nd period - Shot Misses the Net.
4:09 of 2nd period - Declan Chisholm is hit by Alex Steeves and loses puck.
5:30 of 2nd period - Penalty to Tristen Nielsen is over, Tristen Nielsen is back on ice.
6:11 of 2nd period - Tyler Kleven is hit by Brad Lambert and loses puck.
7:11 of 2nd period - Icing by Jett Woo.
7:12 of 2nd period - Egor Afanasyev wins face-off versus Antti Saarela in Sarnia Sailors zone.
7:15 of 2nd period - Snap shot by Jack McBain.
7:15 of 2nd period - Shot Blocked by Jack Rathbone.
7:23 of 2nd period - Jett Woo is hit by William Borgen.
8:04 of 2nd period - Snap shot by James Malatesta.
8:04 of 2nd period - Shot Misses the Net.
8:15 of 2nd period - Icing by William Borgen.
8:16 of 2nd period - Adam Klapka wins face-off versus Logan Morrison in Philadelphia Phantoms zone.
8:28 of 2nd period - Minor Penalty to Cole Reinhardt for High sticking.
8:29 of 2nd period - Logan Morrison wins face-off versus Jack McBain in Sarnia Sailors zone.
9:04 of 2nd period - Tristen Nielsen is hit by Egor Afanasyev and loses puck.
9:39 of 2nd period - Ryan Johnson is hit by Landon Slaggert and loses puck.
10:28 of 2nd period - Penalty to Cole Reinhardt is over, Cole Reinhardt is back on ice.
10:38 of 2nd period - Logan Morrison is hit by Ryan Winterton and loses puck.
10:49 of 2nd period - Snap shot by Vasili Podkolzin.
10:49 of 2nd period - Stopped by Spencer Martin with a rebound.
10:57 of 2nd period - Wrist shot by Arthur Kaliyev.
10:57 of 2nd period - Shot Blocked by William Borgen.
10:59 of 2nd period - Snap shot by Brad Lambert.
10:59 of 2nd period - Shot Misses the Net.
11:09 of 2nd period - Lucas Edmonds is hit by Ryan Winterton and loses puck.
12:29 of 2nd period - Wrist shot by Landon Slaggert.
12:29 of 2nd period - Stopped by Spencer Martin without a rebound.
12:30 of 2nd period - Antti Saarela wins face-off versus Juuso Parssinen in Philadelphia Phantoms zone.
12:33 of 2nd period - Slapshot by Lucas Edmonds.
12:33 of 2nd period - Stopped by Spencer Martin without a rebound.
12:34 of 2nd period - Brad Lambert wins face-off versus Egor Afanasyev in Philadelphia Phantoms zone.
12:41 of 2nd period - Snap shot by Egor Afanasyev.
12:41 of 2nd period - Shot Blocked by Jett Woo.
12:43 of 2nd period - Snap shot by Juuso Parssinen.
12:43 of 2nd period - Shot Blocked by Arthur Kaliyev.
12:57 of 2nd period - Slapshot by Tye Kartye.
12:57 of 2nd period - Shot Blocked by Jack Rathbone.
12:59 of 2nd period - Slapshot by Tye Kartye.
12:59 of 2nd period - Shot Blocked by Jack Rathbone.
13:19 of 2nd period - Logan Morrison is hit by Pontus Holmberg and loses puck.
13:46 of 2nd period - Egor Afanasyev is hit by Adam Ginning and loses puck.
14:21 of 2nd period - Brandon Duhaime is hit by Arthur Kaliyev and loses puck.
14:32 of 2nd period - Wrist shot by Jaret Anderson-Dolan.
14:32 of 2nd period - Deflect By Brandon Duhaime.
14:32 of 2nd period - Shot Misses the Net.
14:32 of 2nd period - Puck is out of play.
14:33 of 2nd period - Jack McBain wins face-off versus Tristen Nielsen in Sarnia Sailors zone.
15:12 of 2nd period - Slapshot by Tye Kartye.
15:12 of 2nd period - Stopped by Remi Poirier with a rebound.
15:14 of 2nd period - Slapshot by Marcus Bjork.
15:14 of 2nd period - Shot Misses the Net.
15:16 of 2nd period - Snap shot by Brett Murray.
15:16 of 2nd period - Stopped by Remi Poirier with a rebound.
15:18 of 2nd period - Slapshot by Brett Murray.
15:18 of 2nd period - Stopped by Remi Poirier without a rebound.
15:19 of 2nd period - Brad Lambert wins face-off versus Ryan Winterton in Sarnia Sailors zone.
15:27 of 2nd period - Vasili Podkolzin beats up James Malatesta.
15:27 of 2nd period - Penalty to James Malatesta for Fighting.
15:27 of 2nd period - Penalty to Vasili Podkolzin for Fighting.
15:28 of 2nd period - Egor Afanasyev wins face-off versus Brad Lambert in Philadelphia Phantoms zone.
15:30 of 2nd period - Icing by Juuso Parssinen.
15:31 of 2nd period - Egor Afanasyev wins face-off versus Brad Lambert in Philadelphia Phantoms zone.
16:02 of 2nd period - Slapshot by Jamie Drysdale.
16:02 of 2nd period - Deflect By Adam Erne.
16:02 of 2nd period - Goal by Adam Erne - Sarnia Sailors : 2 - Philadelphia Phantoms : 1.
16:03 of 2nd period - Ryan Winterton wins face-off versus Brad Lambert in neutral zone.
16:09 of 2nd period - Tyler Kleven beats up Logan Morrison.
16:09 of 2nd period - Penalty to Tyler Kleven for Fighting.
16:09 of 2nd period - Penalty to Logan Morrison for Fighting.
16:10 of 2nd period - Brad Lambert wins face-off versus Egor Afanasyev in Philadelphia Phantoms zone.
16:23 of 2nd period - Egor Afanasyev is hit by Jamie Drysdale and loses puck.
16:33 of 2nd period - Icing by Alex Steeves.
16:34 of 2nd period - Tristen Nielsen wins face-off versus Ryan Winterton in Philadelphia Phantoms zone.
16:47 of 2nd period - Casey Fitzgerald is hit by Jack Rathbone and loses puck.
17:48 of 2nd period - Wrist shot by Jesse Puljujarvi.
17:48 of 2nd period - Shot Misses the Net.
18:36 of 2nd period - Wrist shot by Juuso Parssinen.
18:36 of 2nd period - Shot Blocked by Declan Chisholm.
18:38 of 2nd period - Snap shot by Egor Afanasyev.
18:38 of 2nd period - Shot Misses the Net.
18:52 of 2nd period - Declan Chisholm is hit by Brett Murray and loses puck.
19:09 of 2nd period - Samuel Walker is hit by Brandon Duhaime and loses puck.
Goals for this period are 1 for Sarnia Sailors vs 0 for Philadelphia Phantoms.
Shots for this period are 7 for Sarnia Sailors vs 10 for Philadelphia Phantoms.
3rd period
0:01 of 3rd period - Jack McBain wins face-off versus Brad Lambert in neutral zone.
0:10 of 3rd period - Snap shot by Jack McBain.
0:10 of 3rd period - Shot Hit the Post.
0:33 of 3rd period - Ryan Johnson is hit by Jamie Drysdale and loses puck.
0:46 of 3rd period - Minor Penalty to James Malatesta for Slashing.
0:47 of 3rd period - Jack McBain wins face-off versus Brad Lambert in Philadelphia Phantoms zone.
1:09 of 3rd period - Penalty to Tyler Kleven is over, Tyler Kleven is back on ice.
2:46 of 3rd period - Penalty to James Malatesta is over, James Malatesta is back on ice.
3:01 of 3rd period - Snap shot by Juuso Parssinen.
3:01 of 3rd period - Goal by Juuso Parssinen - Sarnia Sailors : 2 - Philadelphia Phantoms : 2.
3:02 of 3rd period - Logan Morrison wins face-off versus Ryan Winterton in neutral zone.
3:13 of 3rd period - Slapshot by Logan Morrison.
3:13 of 3rd period - Stopped by Spencer Martin without a rebound.
3:14 of 3rd period - Jack McBain wins face-off versus Vasili Podkolzin in Philadelphia Phantoms zone.
3:29 of 3rd period - Slapshot by Jamie Drysdale.
3:29 of 3rd period - Shot Misses the Net.
3:53 of 3rd period - Slapshot by Declan Chisholm.
3:53 of 3rd period - Stopped by Spencer Martin without a rebound.
3:54 of 3rd period - Logan Morrison wins face-off versus Ryan Winterton in Philadelphia Phantoms zone.
4:21 of 3rd period - Arthur Kaliyev is hit by Jack McBain and loses puck.
4:30 of 3rd period - Brett Murray is hit by Jack Rathbone and loses puck.
4:38 of 3rd period - Icing by Tyler Kleven.
4:39 of 3rd period - Tristen Nielsen wins face-off versus Jack McBain in Philadelphia Phantoms zone.
4:44 of 3rd period - Wrist shot by Tristen Nielsen.
4:44 of 3rd period - Stopped by Spencer Martin without a rebound.
4:45 of 3rd period - Egor Afanasyev wins face-off versus Tristen Nielsen in Philadelphia Phantoms zone.
4:45 of 3rd period - Egor Afanasyev is hit by Jesse Puljujarvi.
4:51 of 3rd period - Slapshot by William Borgen.
4:51 of 3rd period - Deflect By Jamie Drysdale.
4:51 of 3rd period - Stopped by Remi Poirier with a rebound.
4:53 of 3rd period - Snap shot by Juuso Parssinen.
4:53 of 3rd period - Deflect By Egor Afanasyev.
4:53 of 3rd period - Goal by Egor Afanasyev - Sarnia Sailors : 2 - Philadelphia Phantoms : 3.
4:54 of 3rd period - Brad Lambert wins face-off versus Adam Klapka in neutral zone.
5:03 of 3rd period - Slapshot by Arthur Kaliyev.
5:03 of 3rd period - Shot Hit the Post.
5:05 of 3rd period - Wrist shot by Arthur Kaliyev.
5:05 of 3rd period - Shot Misses the Net.
5:23 of 3rd period - Icing by William Borgen.
5:24 of 3rd period - Egor Afanasyev wins face-off versus Tristen Nielsen in Philadelphia Phantoms zone.
5:49 of 3rd period - Snap shot by Declan Chisholm.
5:49 of 3rd period - Goal by Declan Chisholm - Sarnia Sailors : 3 - Philadelphia Phantoms : 3.
5:50 of 3rd period - Brad Lambert wins face-off versus Ryan Winterton in neutral zone.
6:01 of 3rd period - Slapshot by Jamie Drysdale.
6:01 of 3rd period - Stopped by Spencer Martin with a rebound.
6:03 of 3rd period - Slapshot by Brad Lambert.
6:03 of 3rd period - Goal by Brad Lambert - Sarnia Sailors : 4 - Philadelphia Phantoms : 3.
6:04 of 3rd period - Adam Klapka wins face-off versus Arthur Kaliyev in neutral zone.
6:11 of 3rd period - Slapshot by Jamie Drysdale.
6:11 of 3rd period - Shot Misses the Net.
6:52 of 3rd period - Wrist shot by Pontus Holmberg.
6:52 of 3rd period - Stopped by Remi Poirier with a rebound.
6:54 of 3rd period - Slapshot by Casey Fitzgerald.
6:54 of 3rd period - Shot Blocked by Jamie Drysdale.
6:56 of 3rd period - Snap shot by Ryan Winterton.
6:56 of 3rd period - Shot Blocked by Samuel Walker.
6:58 of 3rd period - Snap shot by Pontus Holmberg.
6:58 of 3rd period - Stopped by Remi Poirier with a rebound.
7:12 of 3rd period - Jamie Drysdale is hit by Brandon Duhaime and loses puck.
7:17 of 3rd period - Wrist shot by Adam Klapka.
7:17 of 3rd period - Shot Blocked by Declan Chisholm.
7:49 of 3rd period - Slapshot by Arthur Kaliyev.
7:49 of 3rd period - Stopped by Spencer Martin with a rebound.
7:55 of 3rd period - Slapshot by Egor Afanasyev.
7:55 of 3rd period - Shot Misses the Net.
7:57 of 3rd period - Wrist shot by Alex Steeves.
7:57 of 3rd period - Stopped by Remi Poirier with a rebound.
7:59 of 3rd period - Snap shot by Alex Steeves.
7:59 of 3rd period - Shot Misses the Net.
8:20 of 3rd period - Adam Erne is hit by Ryan Winterton and loses puck.
8:37 of 3rd period - Lucas Edmonds is hit by William Borgen and loses puck.
9:20 of 3rd period - Slapshot by Jack McBain.
9:20 of 3rd period - Shot Misses the Net.
9:22 of 3rd period - Slapshot by Tyler Kleven.
9:22 of 3rd period - Deflect By Tristen Nielsen.
9:22 of 3rd period - Stopped by Remi Poirier without a rebound.
9:23 of 3rd period - Jack McBain wins face-off versus Antti Saarela in Sarnia Sailors zone.
9:24 of 3rd period - Slapshot by Tye Kartye.
9:24 of 3rd period - Shot Blocked by Landon Slaggert.
9:38 of 3rd period - Backhand shot by Landon Slaggert.
9:38 of 3rd period - Stopped by Spencer Martin with a rebound.
9:48 of 3rd period - Arthur Kaliyev is hit by James Malatesta and loses puck.
10:07 of 3rd period - Snap shot by William Borgen.
10:07 of 3rd period - Stopped by Remi Poirier without a rebound.
10:08 of 3rd period - Tristen Nielsen wins face-off versus Adam Klapka in Sarnia Sailors zone.
10:10 of 3rd period - Minor Penalty to Adam Ginning for Tripping.
10:11 of 3rd period - Logan Morrison wins face-off versus Jack McBain in Sarnia Sailors zone.
10:53 of 3rd period - Slapshot by Landon Slaggert.
10:53 of 3rd period - Shot Blocked by William Borgen.
10:55 of 3rd period - Snap shot by Tristen Nielsen.
10:55 of 3rd period - Shot Misses the Net.
10:57 of 3rd period - Backhand shot by Landon Slaggert.
10:57 of 3rd period - Shot Misses the Net.
11:09 of 3rd period - Wrist shot by Jack McBain.
11:09 of 3rd period - Stopped by Remi Poirier with a rebound.
11:11 of 3rd period - Slapshot by Nick Blankenburg.
11:11 of 3rd period - Deflect By Logan Morrison.
11:11 of 3rd period - Goal by Nick Blankenburg - Sarnia Sailors : 4 - Philadelphia Phantoms : 4.
11:12 of 3rd period - Arthur Kaliyev wins face-off versus Adam Klapka in neutral zone.
11:57 of 3rd period - Slapshot by Cole Reinhardt.
11:57 of 3rd period - Shot Misses the Net.
11:59 of 3rd period - Snap shot by Samuel Walker.
11:59 of 3rd period - Shot Misses the Net.
12:01 of 3rd period - Snap shot by Declan Chisholm.
12:01 of 3rd period - Shot Blocked by Casey Fitzgerald.
12:03 of 3rd period - Slapshot by Cole Reinhardt.
12:03 of 3rd period - Stopped by Spencer Martin with a rebound.
12:05 of 3rd period - Slapshot by Logan Morrison.
12:05 of 3rd period - Shot Blocked by James Malatesta.
12:07 of 3rd period - Snap shot by Jamie Drysdale.
12:07 of 3rd period - Deflect By Samuel Walker.
12:07 of 3rd period - Goal by Samuel Walker - Sarnia Sailors : 5 - Philadelphia Phantoms : 4.
12:08 of 3rd period - Brad Lambert wins face-off versus Egor Afanasyev in neutral zone.
12:10 of 3rd period - Egor Afanasyev beats up Vasili Podkolzin.
12:10 of 3rd period - Penalty to Egor Afanasyev for Fighting.
12:10 of 3rd period - Penalty to Vasili Podkolzin for Fighting.
12:10 of 3rd period - Penalty to Egor Afanasyev for instigated a fight.
12:10 of 3rd period - Penalty to Egor Afanasyev for instigated a fight.
12:11 of 3rd period - Brad Lambert wins face-off versus Jack McBain in Philadelphia Phantoms zone.
12:14 of 3rd period - Snap shot by Brad Lambert.
12:14 of 3rd period - Goal by Brad Lambert - Sarnia Sailors : 6 - Philadelphia Phantoms : 4.
12:15 of 3rd period - Brad Lambert wins face-off versus Ryan Winterton in neutral zone.
12:18 of 3rd period - Snap shot by Jamie Drysdale.
12:18 of 3rd period - Shot Misses the Net.
12:40 of 3rd period - William Borgen is hit by Tristen Nielsen and loses puck.
13:25 of 3rd period - Pontus Holmberg is hit by Adam Ginning and loses puck.
14:02 of 3rd period - Minor Penalty to Adam Klapka for Slashing.
14:03 of 3rd period - Jack McBain wins face-off versus Brad Lambert in Philadelphia Phantoms zone.
14:16 of 3rd period - Slapshot by Brad Lambert.
14:16 of 3rd period - Shot Misses the Net.
15:19 of 3rd period - Nick Blankenburg is hit by Jamie Drysdale.
15:23 of 3rd period - Jack McBain is hit by Jesse Puljujarvi and loses puck.
16:02 of 3rd period - Penalty to Adam Klapka is over, Adam Klapka is back on ice.
16:08 of 3rd period - Slapshot by Juuso Parssinen.
16:08 of 3rd period - Stopped by Remi Poirier without a rebound.
16:09 of 3rd period - Ryan Winterton wins face-off versus Tristen Nielsen in Sarnia Sailors zone.
16:10 of 3rd period - Wrist shot by Juuso Parssinen.
16:10 of 3rd period - Shot Hit the Post.
16:12 of 3rd period - Slapshot by Casey Fitzgerald.
16:12 of 3rd period - Deflect By Juuso Parssinen.
16:12 of 3rd period - Stopped by Remi Poirier with a rebound.
16:14 of 3rd period - Slapshot by Ryan Winterton.
16:14 of 3rd period - Goal by Ryan Winterton - Sarnia Sailors : 6 - Philadelphia Phantoms : 5.
16:15 of 3rd period - Ryan Winterton wins face-off versus Logan Morrison in neutral zone.
16:18 of 3rd period - Slapshot by William Borgen.
16:18 of 3rd period - Stopped by Remi Poirier with a rebound.
16:20 of 3rd period - Snap shot by Pontus Holmberg.
16:20 of 3rd period - Stopped by Remi Poirier without a rebound.
16:21 of 3rd period - Logan Morrison wins face-off versus Pontus Holmberg in Sarnia Sailors zone.
16:28 of 3rd period - Slapshot by Nick Blankenburg.
16:28 of 3rd period - Stopped by Remi Poirier with a rebound.
16:30 of 3rd period - Backhand shot by Nick Blankenburg.
16:30 of 3rd period - Stopped by Remi Poirier without a rebound.
16:31 of 3rd period - Adam Klapka wins face-off versus Logan Morrison in Sarnia Sailors zone.
16:40 of 3rd period - Backhand shot by Jaret Anderson-Dolan.
16:40 of 3rd period - Stopped by Remi Poirier with a rebound.
17:23 of 3rd period - Wrist shot by Samuel Walker.
17:23 of 3rd period - Stopped by Spencer Martin with a rebound.
17:25 of 3rd period - Slapshot by Jamie Drysdale.
17:25 of 3rd period - Stopped by Spencer Martin with a rebound.
17:27 of 3rd period - Slapshot by Samuel Walker.
17:27 of 3rd period - Shot Blocked by Tye Kartye.
17:29 of 3rd period - Snap shot by Jamie Drysdale.
17:29 of 3rd period - Deflect By Samuel Walker.
17:29 of 3rd period - Stopped by Spencer Martin without a rebound.
17:30 of 3rd period - Brad Lambert wins face-off versus Brandon Duhaime in Philadelphia Phantoms zone.
17:31 of 3rd period - Snap shot by Arthur Kaliyev.
17:31 of 3rd period - Stopped by Spencer Martin with a rebound.
18:19 of 3rd period - Vasili Podkolzin is hit by Casey Fitzgerald and loses puck.
18:48 of 3rd period - Juuso Parssinen is hit by Logan Morrison and loses puck.
18:55 of 3rd period - Philadelphia Phantoms, Spencer Martin is pulled from the net.
18:55 of 3rd period - Slapshot by Ryan Johnson.
18:55 of 3rd period - Deflect By Juuso Parssinen.
18:55 of 3rd period - Shot Misses the Net.
18:55 of 3rd period - Puck is out of play.
18:56 of 3rd period - Karl Taylor call a timeout for Philadelphia Phantoms.
18:56 of 3rd period - Lucas Edmonds wins face-off versus James Malatesta in Sarnia Sailors zone.
19:16 of 3rd period - Wrist shot by Jamie Drysdale.
19:16 of 3rd period - Shot Misses the Net.
19:18 of 3rd period - Snap shot by Jack Rathbone.
19:18 of 3rd period - Shot Blocked by Jack McBain.
19:20 of 3rd period - Slapshot by Jack Rathbone.
19:20 of 3rd period - Shot Misses the Net.
19:22 of 3rd period - Wrist shot by Cole Reinhardt.
19:22 of 3rd period - Goal by Cole Reinhardt - Sarnia Sailors : 7 - Philadelphia Phantoms : 5.
19:22 of 3rd period - Spencer Martin from Philadelphia Phantoms was sent back in the game.
19:23 of 3rd period - Ryan Winterton wins face-off versus Logan Morrison in neutral zone.
19:30 of 3rd period - Snap shot by Samuel Walker.
19:30 of 3rd period - Stopped by Spencer Martin without a rebound.
19:31 of 3rd period - Ryan Winterton wins face-off versus Logan Morrison in Philadelphia Phantoms zone.
19:53 of 3rd period - Wrist shot by Samuel Walker.
19:53 of 3rd period - Stopped by Spencer Martin with a rebound.
19:55 of 3rd period - Slapshot by Declan Chisholm.
19:55 of 3rd period - Stopped by Spencer Martin with a rebound.
Goals for this period are 5 for Sarnia Sailors vs 4 for Philadelphia Phantoms.
Shots for this period are 19 for Sarnia Sailors vs 18 for Philadelphia Phantoms.
Back to the Top